 Dungeon Crawl Stone Soup version 0.27.1-35-g4d5d836560 (console) character file.

Game seed: 11000382445545953807

548770 grimtooth the End of an Era (level 26, -28/331 HPs)
             Began as a Hill Orc Gladiator on Mar 29, 2022.
             Was the Champion of Qazlal.
             Annihilated by a rockslime (34 damage)
             ... created by the Royal Jelly
             ... while paralysed by a great orb of eyes
             ... on level 5 of the Pits of Slime on Apr 4, 2022.
             The game lasted 09:01:13 (74336 turns).

grimtooth the End of an Era (Hill Orc Gladiator)   Turns: 74336, Time: 09:01:14

Health: -28/331    AC: 12    Str: 26    XL:     26   Next: 79%
Magic:  33/38      EV:  2    Int: 11    God:    Qazlal [******]
Gold:   2541       SH:  0    Dex: 10    Spells: 22/25 levels left

rFire    . . .     SeeInvis .   b - +7 Screaming Sword {vorpal, sonic wave}
rCold    . . .     Faith    .   Q - +2 kite shield {reflect}
rNeg     + + +     Spirit   .   (armour currently unavailable)
rPois    +         Reflect  +   (helmet currently unavailable)
rElec    .         Harm     .   (cloak currently unavailable)
rCorr    .         Rampage  .   (gloves currently unavailable)
Will     +....     Rnd*Rage +   (boots currently unavailable) Stlth +.........NoTele +
                                G - amulet of regeneration
HPRegen  1.65/turn              R - +4 ring of slaying
MPRegen  0.26/turn              u - +4 ring of evasion

@: paralysed, tree-form, protected from physical damage, corroded, repel
missiles
A: stationary, stasis, torment immunity, boosted hp, berserk 1, clumsy 1,
deterioration 2, frail 1, subdued magic 1
}: 2/15 runes: barnacled, gossamer
a: Renounce Religion, Upheaval, Elemental Force, Disaster Area


You were on level 5 of the Pits of Slime.
You worshipped Qazlal.
Qazlal was exalted by your worship.
You were a tree.
You visited 9 branches of the dungeon, and saw 48 of its levels.
You visited 1 bazaar.
You also visited: Gauntlet, Volcano and Wizlab.

You collected 5080 gold pieces.
You spent 2539 gold pieces at shops.

Inventory:

Hand Weapons
 a - a +9 vampiric broad axe
 b - the +7 Screaming Sword (weapon) {vorpal, sonic wave}
   (You found it on level 1 of the Lair of Beasts)

   It inflicts extra damage upon your enemies.
   It radiates damaging sonic waves as it strikes, especially in combat
   involving dangerous or numerous foes.
Missiles
 d - 5 throwing nets {=f}
 g - 23 boomerangs of dispersal
 F - 47 silver javelins (quivered)
 N - 12 curare-tipped darts
Armour
 c - a +2 pair of boots of flying (melded)
 s - a +2 plate armour of willpower (melded)
 t - the +4 helmet of Gravity (melded) {rPois}
   (You acquired it on level 3 of the Depths)

   rPois:     It protects you from poison.
 B - a +2 pair of gloves (melded)
 K - a +2 cloak of preservation (melded)
 Q - a +2 kite shield of reflection (worn)
 V - a scarf of resistance
Jewellery
 l - a +4 ring of slaying
 u - a +4 ring of evasion (right branch)
 v - a ring of willpower
 D - the ring of Contentment {*Slow AC+4 Str+8 Dex-4 SInv}
   (You took it off a deep elf demonologist on level 4 of the Depths)

   [ring of protection]

   AC:        It affects your AC (+4).
   Str:       It affects your strength (+8).
   Dex:       It affects your dexterity (-4).
   SInv:      It lets you see invisible.
   *Slow:     It may slow you when you take damage.
 G - an amulet of regeneration (around neck)
 R - a +4 ring of slaying (left branch)
Wands
 m - a wand of mindburst (19)
 x - a wand of paralysis (16)
 E - a wand of digging (28)
 P - a wand of charming (23)
 S - a wand of acid (14)
 U - a wand of iceblast (27)
 X - a wand of polymorph (20)
Scrolls
 e - 3 scrolls of blinking
 h - 3 scrolls of immolation
 o - 20 scrolls of teleportation
 p - a scroll of torment
 r - 14 scrolls of fear
 z - 6 scrolls of fog
 I - 3 scrolls of silence
 M - 4 scrolls of summoning
 T - 7 scrolls of magic mapping
Potions
 f - 3 potions of resistance
 j - 7 potions of magic
 n - a potion of invisibility
 q - 3 potions of might
 A - 4 potions of lignification
 C - 5 potions of haste
 O - 5 potions of cancellation
 Y - 8 potions of ambrosia
 Z - 11 potions of curing
Miscellaneous
 i - a box of beasts
 k - a phantom mirror
 w - a tin of tremorstones (1/2)
 J - a condenser vane
 L - a phial of floods


   Skills:
 + Level 21.7 Fighting
 - Level 15.0 Long Blades
 - Level 18.0 Axes
 - Level 12.0 Throwing
 - Level 18.0 Armour
 - Level 9.0 Dodging
 - Level 16.9 Shields
 - Level 9.0 Translocations
 + Level 22.6 Invocations
 - Level 12.0 Evocations


You had 22 spell levels left.
You knew the following spells:

 Your Spells              Type           Power      Damage    Failure   Level
k - Blink                 Tloc           N/A        N/A       1%          2
p - Apportation           Tloc           30%        N/A       1%          1

Your spell library contained the following spells:

 Spells                   Type           Power      Damage    Failure   Level
 Gell's Gravitas          Tloc           7%         N/A       1%          3
 Lesser Beckoning         Tloc           7%         N/A       1%          3
 Teleport Other           Tloc           15%        N/A       1%          3
 Passage of Golubria      Tloc           N/A        N/A       7%          4
 Portal Projectile        Hex/Tloc       14%        N/A       14%         3
 Manifold Assault         Tloc           15%        N/A       21%         5
 Animate Skeleton         Necr           0%         N/A       30%         1
 Beastly Appendage        Tmut           0%         N/A       30%         1
 Corona                   Hex            0%         N/A       30%         1
 Foxfire                  Conj/Fire      0%         2x1d4     30%         1
 Freeze                   Ice            0%         1d3       30%         1
 Magic Dart               Conj           0%         1d3       30%         1
 Shock                    Conj/Air       0%         1d3       30%         1
 Sting                    Tmut/Pois      0%         1d3       30%         1
 Summon Small Mammal      Summ           0%         N/A       30%         1
 Call Imp                 Summ           0%         N/A       43%         2
 Corpse Rot               Necr/Air       N/A        N/A       43%         2
 Ensorcelled Hibernation  Hex/Ice        0%         N/A       43%         2
 Passwall                 Tmut/Erth      0%         N/A       43%         2
 Searing Ray              Conj           0%         3d3       43%         2
 Slow                     Hex            0%         N/A       43%         2
 Static Discharge         Conj/Air       0%         N/A       43%         2
 Sublimation of Blood     Necr           0%         N/A       43%         2
 Wereblood                Tmut           0%         N/A       43%         2
 Call Canine Familiar     Summ           0%         N/A       67%         3
 Confusing Touch          Hex            0%         N/A       67%         3
 Conjure Flame            Conj/Fire      0%         6-21      67%         3
 Frozen Ramparts          Ice            0%         1d2       67%         3
 Ignite Poison            Fire/Tmut/Pois 0%         N/A       67%         3
 Inner Flame              Hex/Fire       0%         N/A       67%         3
 Mephitic Cloud           Conj/Pois/Air  0%         N/A       67%         3
 Ozocubu's Armour         Ice            0%         N/A       67%         3
 Spider Form              Tmut/Pois      0%         N/A       67%         3
 Summon Guardian Golem    Hex/Summ       0%         N/A       67%         3
 Swiftness                Air            0%         N/A       67%         3
 Tukima's Dance           Hex            0%         N/A       67%         3
 Dispersal                Tloc           7%         N/A       77%         6
 Airstrike                Air            0%         N/A       97%         4
 Cause Fear               Hex            0%         N/A       97%         4
 Hailstorm                Conj/Ice       0%         3d3       97%         4
 Ice Form                 Ice/Tmut       0%         N/A       97%         4
 Leda's Liquefaction      Hex/Erth       0%         N/A       97%         4
 Petrify                  Tmut/Erth      0%         N/A       97%         4
 Sticky Flame             Conj/Fire      0%         2d3       97%         4
 Summon Ice Beast         Ice/Summ       0%         N/A       97%         4
 Summon Lightning Spire   Summ/Air       0%         N/A       97%         4
 Alistair's Intoxication  Tmut/Pois      0%         N/A       100%        5
 Blade Hands              Tmut           0%         N/A       100%        5
 Bolt of Magma            Conj/Fire/Erth 0%         4d4       100%        5
 Borgnjor's Vile Clutch   Necr/Erth      0%         N/A       100%        5
 Fireball                 Conj/Fire      0%         3d3       100%        5
 Irradiate                Conj/Tmut      0%         3d14      100%        5
 Iskenderun's Battlesphe  Conj           0%         2d6       100%        5
 Metabolic Englaciation   Hex/Ice        0%         N/A       100%        5
 Silence                  Hex/Air        0%         N/A       100%        5
 Yara's Violent Unravell  Hex/Tmut       0%         3d3       100%        5
 Conjure Ball Lightning   Conj/Air       0%         3x3d6     100%        6
 Eringya's Noxious Bog    Tmut/Pois      0%         N/A       100%        6
 Invisibility             Hex            0%         N/A       100%        6
 Iron Shot                Conj/Erth      0%         9d1       100%        6
 Statue Form              Tmut/Erth      0%         N/A       100%        6
 Dragon Form              Tmut           0%         N/A       100%        7
 Malign Gateway           Summ/Tloc      3%         N/A       100%        7
 Orb of Destruction       Conj           0%         N/A       100%        7
 Spellforged Servitor     Conj/Summ      0%         N/A       100%        7
 Summon Hydra             Summ           0%         N/A       100%        7
 Discord                  Hex            0%         N/A       100%        8
 Disjunction              Tloc           7%         N/A       100%        8
 Lehudib's Crystal Spear  Conj/Erth      0%         10d2      100%        8
 Necromutation            Tmut/Necr      0%         N/A       100%        8
 Summon Horrible Things   Summ           0%         N/A       100%        8
 Chain Lightning          Conj/Air       0%         N/A       100%        9
 Dragon's Call            Summ           0%         N/A       100%        9
 Fire Storm               Conj/Fire      0%         5d1       100%        9


Dungeon Overview and Level Annotations

Branches:
Dungeon (15/15)            Temple (0/1) D:7            Lair (6/6) D:9
 Shoals (4/4) Lair:4       Spider (4/4) Lair:3        Slime (5/5) Lair:6
    Orc (2/2) D:10            Elf (3/3) Orc:2        Vaults (4/5) D:14
  Crypt (0/3) Vaults:2     Depths (5/5) D:15            Zot (0/5) Depths:5
Volcano (visited)          WizLab (visited)         Gauntlet (visited)

Altars:
Ashenzari
Dithmenos
Elyvilon
Fedhas
Kikubaaqudgha
Nemelex Xobeh
Qazlal
Sif Muna
Trog
Uskayaw
Vehumet
Xom
Yredelemnul
The Shining One
Beogh

Shops:
D:4 *   D:5 *   Orc:2 [:(?   Elf:3 ?:   Shoals:3 ?   Depths:2 (

Portals:
Hell: Depths:1 Depths:2 Depths:3 Depths:4 Depths:5
Abyss: Depths:4
Pandemonium: Depths:3 Depths:4
Ziggurat: Depths:1

Annotations:
D:11 2 transporters, Bearnado's ghost, journeyman MiBe
Lair:3 1 runed translucent door, Kazon's ghost, journeyman PaFi
Depths:1 3 runed translucent doors, hikkokomori's ghost, adept MfSu
Depths:2 2 runed translucent doors


Innate Abilities, Weirdness & Mutations

You are a tree.
Your roots penetrate the ground, keeping you stationary.
You cannot be teleported.
You are immune to unholy pain and torment.
Your maximum health is greatly increased.
Your equipment is partially melded.
You tend to lose your temper in combat.
You are clumsy. (Dex -2)
Your body often deteriorates upon taking damage.
You are frail. (-10% HP)
Your spells are a little easier to cast, but a little less powerful.


Message History

* * * LOW HITPOINT WARNING * * *
The acid corrodes you!
You are splashed with acid!
* * * LOW HITPOINT WARNING * * *
A great orb of eyes comes into view.
The acid blob is engulfed in blazing flames.
The acid blob spits acid at you.
The splash of acid hits you but does no damage.
You are splashed with acid!
* * * LOW HITPOINT WARNING * * *
The rockslime hits you.
* * * LOW HITPOINT WARNING * * *
You feel more protected from physical attacks.
The acid blob is engulfed in freezing vapours.
Flame seeps out of the acid blob.
The acid blob spits acid at you. The splash of acid hits you.
* * * LOW HITPOINT WARNING * * *
The acid corrodes you!
You are splashed with acid!
* * * LOW HITPOINT WARNING * * *
The acid blob is engulfed in blazing flames.
The rockslime hits you!!!
* * * LOW HITPOINT WARNING * * *
You feel more protected from physical attacks.
The acid blob is engulfed in freezing vapours.
Flame seeps out of the acid blob.
The acid blob spits acid at you. The splash of acid hits you.
* * * LOW HITPOINT WARNING * * *
You are splashed with acid!
* * * LOW HITPOINT WARNING * * *
An azure jelly comes into view.
The rockslime is engulfed in blazing flames.
Flame seeps out of the rockslime.
The rockslime hits you but does no damage.
The acid blob is engulfed in freezing vapours.
Flame seeps out of the acid blob.
The rockslime hits you!!
You die...

........○§...J.
.......≈.§○§§G.
.....☼☼≈..§§○☼.
......§...≈..☼.
....≈☼§(§.J....
......○§○☼.≈≈..
.≈....○J☼§G≈≈..
.≈≈...☼♣J.§....
...≈≈.°°°°...≈.
..###..§...≈...
###........
####..... ....≈
≈... ....


You could see 2 acid blobs, an azure jelly, 2 great orbs of eyes and a rockslime
(inner flame).

Vanquished Creatures
  the Royal Jelly (Slime:5)
  A dread lich (Depths:4)
  An ancient lich (Depths:4)
  Mennas (Vaults:3)
  A juggernaut (Depths:3)
  Sojobo (Depths:2)
  Boris (Vaults:2)
  Frederick (Vaults:2)
  Saint Roka (Depths:2)
  A caustic shrike (Depths:2)
  Nikola (Vaults:3)
  A golden dragon (Depths:2)
  A bone dragon (Depths:5)
  Rupert (D:14)
  A tentacled monstrosity (Depths:4)
  4 liches
  A titan (Vaults:3)
  2 deep elf master archers (Elf:3)
  2 deep elf blademasters (Elf:3)
  A shadow dragon (Depths:4)
  Gastronok (D:9)
  An ancient champion (Vaults:2)
  Agnes (D:15)
  2 krakens
  7 tengu reavers
  19 acid blobs
  Kirke (Shoals:2)
  3 sphinxes
  An eldritch tentacle (WizLab)
  Frances (Shoals:1)
  9 azure jellies
  Donald (Spider:4)
  4 storm dragons
  Ilsuiw (Shoals:2)
  12 rockslimes
  7 fire giants
  5 ghost moths
  5 frost giants
  2 orc warlords
  7 vault wardens
  6 deep elf sorcerers
  4 emperor scorpions
  A draconian scorcher (Depths:5)
  2 balrugs
  10 deep elf elementalists
  A spriggan defender (Depths:3)
  2 draconian annihilators (Depths:5)
  A war gargoyle (Vaults:2)
  12 stone giants
  A reaper (Depths:3)
  7 ironbound preservers
  17 very ugly things
  9 quicksilver oozes
  A green draconian (Depths:5)
  9 vampire knights
  7 deep elf demonologists
  14 deep elf annihilators
  A minotaur (Gauntlet)
  10 spark wasps
  3 yellow draconians (Depths:5)
  6 dire elephants
  A lorocyproca (Depths:4)
  A red draconian (Depths:5)
  A black draconian (Depths:5)
  2 entropy weavers
  The ghost of qdestroyer the Cleaver, a journeyman MiFi of Trog (D:13)
  3 deep elf death magi
  3 crystal guardians
  7 merfolk javelineers
  10 ettins
  2 jiangshi (Depths:3)
  Josephine (D:15)
  12 great orbs of eyes
  3 fire dragons
  4 deep elf high priests
  7 merfolk impalers
  5 ironbound thunderhulks
  6 yaktaur captains
  7 rakshasas
  10 ice dragons
  3 vault guards
  3 peacekeepers
  7 merfolk avatars
  A hell beast (Depths:3)
  3 ironbound frosthearts
  10 hydras
  3 boulder beetles
  6 merfolk aquamancers
  2 spriggan air magi (Depths:4)
  10 centaur warriors
  4 alligator snapping turtles
  31 dancing weapons
  5 tengu warriors
  6 two-headed ogres
  A death knight (Vaults:2)
  4 deep troll shamans
  5 death yaks
  4 hell hogs (Depths:3)
  6 vampire magi
  6 orc high priests
  9 deep troll earth magi
  A spriggan berserker (Depths:5)
  4 soul eaters
  2 hell knights
  7 ironbound beastmasters
  2 thrashing horrors (WizLab)
  21 deep elf knights
  8 sun demons (Depths:3)
  Nergalle (D:11)
  3 sixfirhies
  4 iron trolls
  3 flayed ghosts
  3 glowing orange brains
  12 deep elf archers
  13 sea snakes
  3 phantasmal warriors
  A shadow dragon zombie (Vaults:4)
  An orange crystal statue (Depths:4)
  12 wizards
  12 lindwurms
  29 deep trolls
  An obsidian statue (WizLab)
  19 harpies
  12 ironbound convokers
  9 orc knights
  An anaconda skeleton (WizLab)
  A wolf spider zombie (D:13)
  25 deep elf zephyrmancers
  4 orc sorcerers
  2 necromancers
  31 wolf spiders
  28 deep elf pyromancers
  22 orb spiders
  44 ugly things
  7 cyclopes
  A wolf spider (shapeshifter) (Depths:1)
  A salamander (D:15)
  A stone giant zombie (Vaults:4)
  12 manticores
  5 worldbinders (WizLab)
  5 shining eyes
  7 elephants
  4 fauns
  A stone giant skeleton (WizLab)
  2 rust devils (Depths:4)
  Maurice (D:10)
  3 spectral centaurs (D:13)
  9 merfolk sirens
  3 moths of wrath
  9 black mambas
  8 water nymphs
  8 vault sentinels
  5 molten gargoyles
  3 orange demons (Depths:4)
  A torpor snail (Spider:3)
  3 gargoyles
  16 cane toads
  A titan simulacrum (Vaults:4)
  5 smoke demons
  3 unseen horrors (Depths:4)
  7 komodo dragons
  A human zombie (Vaults:4)
  7 rime drakes
  A kobold demonologist (D:12)
  12 tengu conjurers
  2 efreet
  A freezing wraith (D:13)
  11 demonic crawlers
  22 yaktaurs
  2 red devils (Volcano)
  A yaktaur skeleton (Vaults:4)
  A hellwing (Gauntlet)
  3 ice devils
  An ancient zyme (WizLab)
  A meliai (shapeshifter) (Vaults:3)
  A polar bear (Lair:4)
  45 jumping spiders
  14 merfolk
  10 trolls
  3 wind drakes
  A wolf spider simulacrum (D:11)
  13 snapping turtles
  33 blink frogs
  A meliai zombie (D:12)
  9 dream sheep
  An ettin zombie (Vaults:4)
  10 hornets
  73 slime creatures
  4 air elementals
  6 wraiths
  29 tarantellas
  A vampire (D:11)
  10 fire elementals
  A shadow (D:12)
  A ynoxinul (WizLab)
  65 redbacks
  50 yaks
  9 wyverns
  13 basilisks
  9 large abominations
  2 spriggans (Depths:5)
  2 hogs (Shoals:2)
  5 fire bats
  17 water elementals
  19 vampire mosquitoes
  16 humans
  4 steam dragons
  An elf skeleton (Vaults:4)
  6 wargs
  2 harpy simulacra (D:13)
  3 spatial vortices (WizLab)
  7 hell hounds
  2 acid dragons
  15 water moccasins
  A floating eye (shapeshifter) (Depths:5)
  A deep troll skeleton (WizLab)
  41 orc warriors
  3 sky beasts
  4 black bears
  A black bear (shapeshifter) (Elf:1)
  2 boggarts (WizLab)
  7 ogres
  8 necrophages
  3 wolves (Lair:2)
  4 centaurs
  A phantom (D:4)
  4 kobold brigands
  2 earth elementals
  A gnoll sergeant (D:7)
  9 scorpions
  2 wyvern zombies
  20 bullfrogs
  A wyvern skeleton (D:7)
  3 water moccasin skeletons
  A human simulacrum (Vaults:4)
  5 killer bees (D:8)
  10 wights
  12 electric eels
  A howler monkey (D:7)
  A bullfrog zombie (D:6)
  5 centaur zombies
  13 lava snakes
  2 centaur skeletons
  26 orc priests
  A bullfrog skeleton (D:4)
  A gnoll shaman (D:5)
  4 iguanas
  23 orc wizards
  A scorpion zombie (D:5)
  Natasha (D:2)
  4 small abominations (Depths:4)
  A mummy (D:12)
  2 howler monkey zombies
  4 gnolls
  14 adders
  2 shadow imps
  2 white imps
  An ufetubus (D:5)
  An adder skeleton (D:4)
  3 worms
  2 dart slugs (D:3)
  88 orcs
  7 ball pythons
  4 endoplasms
  4 giant cockroaches
  5 hobgoblins
  A quokka (D:5)
  6 bats
  3 frilled lizards
  9 goblins
  26 kobolds
  5 rats
  A spectral orc (D:5)
  A butterfly (Depths:1)
  7 tentacles
1933 creatures vanquished.

Vanquished Creatures (collateral kills)
  Asterion (Vaults:3)
  A frost giant (Depths:3)
  A vampire knight (Vaults:2)
  2 entropy weavers
  2 spark wasps (Spider:3)
  A jiangshi (Depths:3)
  A hydra (D:7)
  A vampire mage (Depths:3)
  A deep elf pyromancer (Elf:1)
  A necromancer (Vaults:4)
  2 jumping spiders
  A redback (Gauntlet)
  A fire elemental (Elf:1)
16 creatures vanquished.

Vanquished Creatures (others)
  A spriggan berserker (Depths:5)
  2 deep elf knights
  2 deep elf zephyrmancers (Elf:1)
  A harpy (Shoals:4)
  2 deep elf pyromancers (Elf:2)
  A freezing wraith (D:13)
  A jumping spider (Spider:3)
  A slime creature (Slime:1)
  A water elemental (Shoals:4)
  2 humans (Shoals:2)
  A bush (Lair:5)
  100 fungi
  250 plants
  10 tentacles
  22 withered plants
397 creatures vanquished.

Grand Total: 2346 creatures vanquished

Notes
Turn   | Place    | Note
-------+----------+-------------------------------------------
     0 | D:1      | grimtooth the Hill Orc Gladiator began the quest for the
                  | Orb.
     0 | D:1      | Reached XP level 1. HP: 18/18 MP: 1/1
   262 | D:1      | Found a faded altar of an unknown god.
   271 | D:1      | Reached XP level 2. HP: 25/25 MP: 2/2
  1144 | D:2      | Reached XP level 3. HP: 31/31 MP: 1/3
  1425 | D:2      | Noticed Natasha
  1432 | D:2      | Killed Natasha
  1433 | D:2      | Reached skill level 5 in Axes
  1519 | D:2      | Reached XP level 4. HP: 39/40 MP: 4/4
  1992 | D:3      | Noticed a necrophage
  2003 | D:3      | Killed a necrophage
  2004 | D:3      | Reached XP level 5. HP: 39/47 MP: 5/5
  2102 | D:3      | Reached skill level 5 in Fighting
  2123 | D:3      | Found a glowing golden altar of the Shining One.
  2508 | D:3      | Reached XP level 6. HP: 56/56 MP: 6/6
  3039 | D:4      | Found Kyix's Neck Hole.
  3101 | D:4      | Identified the +0 robe "Riniot" {Int+2}
  3116 | D:4      | Reached XP level 7. HP: 58/63 MP: 7/7
  3657 | D:4      | Identified the +4 ring mail "Kimiclu" {rCorr}
  3680 | D:5      | Entered Level 5 of the Dungeon
  3763 | D:5      | Found a blossoming altar of Fedhas.
  3793 | D:5      | Found Sohom's CLEARANCE SALE! EVERYTHING MUST GO!.
  3801 | D:5      | Bought a potion of haste for 10 gold pieces
  3801 | D:5      | Bought a potion of degeneration for 1 gold piece
  3814 | D:5      | Found a basalt altar of Yredelemnul.
  3864 | D:5      | Found a shadowy altar of Dithmenos.
  4037 | D:5      | Reached skill level 10 in Axes
  4106 | D:5      | Reached XP level 8. HP: 70/70 MP: 8/8
  4389 | D:5      | Found a hide-covered altar of Uskayaw.
  4499 | D:5      | Found a stormy altar of Qazlal.
  4982 | D:5      | Reached skill level 1 in Armour
  5239 | D:5      | Identified the ring "Opsibaad" {rF+ Str+6}
  5306 | D:5      | Reached XP level 9. HP: 65/75 MP: 6/9
  6207 | D:6      | Noticed a troll
  6220 | D:6      | Killed a troll
  6221 | D:6      | Reached skill level 5 in Armour
  6429 | D:6      | Reached skill level 5 in Throwing
  6917 | D:6      | Found a sparkling altar of Nemelex Xobeh.
  7124 | D:7      | Reached skill level 1 in Evocations
  7234 | D:5      | Became a worshipper of Qazlal Stormbringer
  7313 | D:7      | Noticed a cyclops
  7313 | D:7      | Identified the +4 hand axe of Success {spect, Fragile
                  | +Blink rC++ SInv}
  7325 | D:7      | Noticed an eight-headed hydra
  7440 | D:7      | Noticed a troll
  7457 | D:7      | Killed a troll
  7458 | D:7      | Reached XP level 10. HP: 47/86 MP: 4/10
  7686 | D:7      | Found an ancient bone altar of Kikubaaqudgha.
  7695 | D:7      | Killed a cyclops
  7865 | D:7      | Noticed a cyclops
  7974 | D:7      | Killed a cyclops
  7985 | D:7      | Noticed a gargoyle
  7996 | D:7      | Killed a gargoyle
  7997 | D:7      | Reached skill level 5 in Evocations
  8311 | D:7      | Identified the +4 mace of the Iron City of Dis {pain, rN+}
  8461 | D:7      | Noticed a green ugly thing
  8473 | D:7      | Noticed a cyan ugly thing
  8479 | D:7      | Killed a green ugly thing
  8480 | D:7      | Reached skill level 2 in Invocations
  8487 | D:7      | Killed a cyan ugly thing
  8488 | D:7      | Reached skill level 4 in Invocations
  8721 | D:7      | Reached skill level 5 in Invocations
  8739 | D:7      | Found a shimmering altar of Xom.
  8739 | D:7      | Found a shimmering altar of Xom.
  8741 | D:7      | Found a shimmering altar of Xom.
  8742 | D:7      | Found a shimmering altar of Xom.
  8742 | D:7      | Found a shimmering altar of Xom.
  8802 | D:7      | Found a staircase to the Ecumenical Temple.
  9388 | D:8      | Reached skill level 6 in Invocations
  9446 | D:8      | Reached * piety under Qazlal
  9538 | D:8      | Reached skill level 7 in Invocations
  9538 | D:8      | Reached XP level 11. HP: 97/97 MP: 16/16
  9549 | D:8      | Reached skill level 8 in Invocations
  9846 | D:8      | You fall into a shaft and drop 3 floors!
  9884 | D:11     | Reached skill level 9 in Invocations
  9946 | D:11     | Found a blossoming altar of Fedhas.
 10016 | D:11     | You fall into a shaft and drop 1 floor!
 10017 | D:12     | - for crying out loud
 10033 | D:12     | Noticed Nergalle
 10051 | D:11     | Noticed a spectral orc warlord
 10063 | D:11     | - how is her AC so good
 10064 | D:11     | Killed Nergalle
 10071 | D:11     | Noticed a deep elf pyromancer
 10077 | D:11     | Killed a deep elf pyromancer
 10078 | D:11     | Noticed a cyclops
 10080 | D:11     | Noticed Bearnado's ghost (journeyman MiBe)
 10081 | D:12     | Found a gate leading to a gauntlet.
 10095 | Gauntlet | Entered a Gauntlet
 10095 | Gauntlet | Found a transporter.
 10095 | Gauntlet | Found a transporter.
 10095 | Gauntlet | Found a transporter.
 10096 | Gauntlet | Found a transporter.
 10099 | Gauntlet | Found a transporter.
 10099 | Gauntlet | Found a transporter.
 10106 | Gauntlet | Noticed an entropy weaver
 10110 | Gauntlet | Found a transporter.
 10111 | Gauntlet | Noticed a wolf spider
 10114 | Gauntlet | Found a transporter.
 10119 | Gauntlet | Noticed a reaper
 10124 | Gauntlet | Found a transporter.
 10127 | Gauntlet | Found a transporter.
 10149 | Gauntlet | Found a transporter.
 10170 | Gauntlet | Found a transporter.
 10221 | Gauntlet | - so this is pretty dangerous
 10358 | Gauntlet | Killed an entropy weaver
 10359 | Gauntlet | Reached skill level 10 in Invocations
 10374 | Gauntlet | Identified the +2 pair of gloves of the Hot Ocelot {-Tele
                  | rPois Will+++ Stlth+}
 10385 | Gauntlet | Reached skill level 10 in Fighting
 10570 | Gauntlet | Noticed a minotaur
 10574 | Gauntlet | - holy shit
 10593 | Gauntlet | Killed a minotaur
 10594 | Gauntlet | - too close
 10612 | Gauntlet | Identified the +3 scale mail "Yfroefuj" {rC++ Will-}
 10921 | D:12     | Noticed a two-headed ogre
 10935 | D:12     | Reached skill level 11 in Invocations
 11049 | D:11     | Reached ** piety under Qazlal
 11190 | D:10     | Entered Level 10 of the Dungeon
 11263 | D:10     | Reached XP level 12. HP: 79/110 MP: 20/20
 11508 | D:10     | Noticed Maurice
 11514 | D:10     | Killed Maurice
 11515 | D:10     | Reached skill level 12 in Invocations
 12054 | D:9      | Noticed a two-headed ogre
 12066 | D:9      | Killed a two-headed ogre
 12154 | D:9      | Found a staircase to the Lair.
 12875 | D:10     | Found a staircase to the Orcish Mines.
 13639 | D:11     | Noticed a two-headed ogre
 13640 | D:11     | Found a bloodstained altar of Trog.
 13705 | D:11     | Found a transporter.
 13769 | D:11     | Found a transporter.
 13869 | D:11     | Reached *** piety under Qazlal
 14322 | D:12     | Killed a two-headed ogre
 15055 | D:9      | Noticed Gastronok
 15072 | D:9      | Killed Gastronok
 15073 | D:9      | Reached XP level 13. HP: 108/118 MP: 19/22
 15417 | Lair:1   | Entered Level 1 of the Lair of Beasts
 16024 | Lair:1   | Reached skill level 13 in Invocations
 16673 | Lair:1   | Found the +7 Singing Sword {vorpal, sonic wave}
 16682 | Lair:1   | - well now
 17237 | Lair:2   | Reached skill level 14 in Invocations
 18067 | Lair:3   | Found a hole to the Spider Nest.
 18140 | Lair:3   | Found a runed translucent door.
 18140 | Lair:3   | Noticed Kazon's ghost (journeyman PaFi)
 18165 | Lair:3   | Found a dark tunnel.
 18177 | Volcano  | Entered a volcano
 18409 | Volcano  | Found a radiant altar of Vehumet.
 18642 | Volcano  | Reached **** piety under Qazlal
 18906 | Lair:3   | Reached XP level 14. HP: 103/127 MP: 19/25
 18909 | Lair:3   | Reached skill level 15 in Invocations
 20159 | Lair:4   | Found a staircase to the Shoals.
 21164 | Lair:5   | Reached skill level 15 in Fighting
 21168 | Lair:5   | Reached skill level 1 in Long Blades
 21437 | Lair:5   | Identified the +6 falchion of the Thirsty Cities {pain,
                  | rPois rN+ rCorr}
 21619 | Lair:5   | Reached skill level 5 in Long Blades
 22160 | Lair:6   | Entered Level 6 of the Lair of Beasts
 23423 | Lair:6   | Reached XP level 15. HP: 132/141 MP: 17/26
 23503 | Lair:6   | Found a staircase to the Slime Pits.
 23561 | Lair:6   | - this must be the dragon
 23921 | Lair:6   | Found a large runed translucent door.
 23970 | Lair:6   | Found a large runed translucent door.
 24483 | Orc:1    | Entered Level 1 of the Orcish Mines
 24915 | Orc:2    | Entered Level 2 of the Orcish Mines
 25790 | Orc:2    | Reached skill level 16 in Invocations
 26306 | Orc:2    | Found a staircase to the Elven Halls.
 26552 | Orc:2    | Reached ***** piety under Qazlal
 27283 | Orc:2    | Found Vefeq's Armour Boutique.
 27283 | Orc:2    | Found Cuiloobb's Magic Scroll Emporium.
 27285 | Orc:2    | Found Ymeocloy's Book Boutique.
 27285 | Orc:2    | Found Yqeass's Antique Weapon Emporium.
 27297 | Orc:2    | Bought a scroll of teleportation for 45 gold pieces
 27297 | Orc:2    | Bought a scroll of blinking for 112 gold pieces
 27297 | Orc:2    | Bought a scroll of fear for 52 gold pieces
 28226 | D:13     | Reached skill level 17 in Invocations
 28511 | D:13     | Found a runed translucent gate.
 28511 | D:13     | Found a runed translucent gate.
 28511 | D:13     | Found a runed translucent gate.
 28518 | D:13     | Noticed qdestroyer's ghost (journeyman MiFi)
 29058 | D:14     | Noticed Rupert
 29058 | D:14     | Found a gate to the Vaults.
 29717 | D:14     | Reached XP level 16. HP: 151/155 MP: 28/28
 29784 | D:14     | Found a bloodstained altar of Trog.
 29831 | D:14     | Killed Rupert
 30166 | D:14     | Found a roughly hewn altar of Beogh.
 30674 | D:14     | Reached skill level 18 in Invocations
 30892 | D:15     | Entered Level 15 of the Dungeon
 30967 | D:15     | Noticed Agnes
 30973 | D:15     | Killed Agnes
 31548 | D:15     | Got the Collected Works on Mutagenic Flames
 31731 | D:15     | Noticed Josephine
 31741 | D:15     | Killed Josephine
 32329 | D:15     | Found a staircase to the Depths.
 32660 | Spider:1 | Entered Level 1 of the Spider Nest
 33337 | Spider:1 | Paralysed by a hornet for 2 turns
 33805 | Spider:1 | Reached skill level 10 in Evocations
 33998 | Spider:1 | You fall into a shaft and drop 1 floor!
 35282 | Spider:2 | Reached XP level 17. HP: 69/163 MP: 21/30
 36445 | Spider:3 | Reached skill level 15 in Axes
 36888 | Spider:4 | Entered Level 4 of the Spider Nest
 38223 | Spider:4 | Reached skill level 10 in Armour
 38380 | Spider:4 | Noticed Donald
 38381 | Spider:4 | - the weapons just keep coming
 38386 | Spider:4 | Killed Donald
 38498 | Spider:4 | Reached skill level 5 in Dodging
 39576 | Spider:4 | Reached XP level 18. HP: 172/172 MP: 9/31
 39986 | Spider:4 | Got a gossamer rune of Zot
 40375 | D:4      | Bought an amulet of reflection for 330 gold pieces
 40617 | D:7      | Reached skill level 1 in Shields
 40979 | Shoals:1 | Entered Level 1 of the Shoals
 41308 | Shoals:1 | Noticed Frances
 41316 | Shoals:1 | Killed Frances
 41317 | Shoals:1 | Reached skill level 5 in Shields
 42003 | Shoals:2 | Noticed Kirke
 42013 | Shoals:2 | Killed Kirke
 42342 | Shoals:2 | Noticed Ilsuiw
 42389 | Shoals:2 | Killed Ilsuiw
 42918 | Shoals:3 | Found Buc Liosh's Magic Scroll Shoppe.
 44276 | Shoals:4 | Entered Level 4 of the Shoals
 44293 | Shoals:4 | Reached skill level 10 in Shields
 45159 | Shoals:4 | Reached XP level 19. HP: 169/179 MP: 32/32
 45877 | Shoals:4 | Identified the +7 spear of the Rat {venom, Str-5 Int+7}
 46042 | Shoals:4 | Got a barnacled rune of Zot
 46213 | Shoals:4 | Got the Almanac of the Frigorific Oath
 46635 | Shoals:3 | Bought a scroll of silence for 112 gold pieces
 46635 | Shoals:3 | Bought a scroll of blinking for 112 gold pieces
 46635 | Shoals:3 | Bought a scroll of magic mapping for 52 gold pieces
 46635 | Shoals:3 | Bought 3 scrolls of fear for 157 gold pieces
 46635 | Shoals:3 | Bought a scroll of holy word for 112 gold pieces
 46635 | Shoals:3 | Bought a scroll of magic mapping for 52 gold pieces
 46635 | Shoals:3 | Bought a scroll of fog for 30 gold pieces
 46926 | D:4      | Bought a scarf of resistance for 352 gold pieces
 47090 | D:9      | - farewell, Success
 47283 | Vaults:1 | Entered Level 1 of the Vaults
 48704 | Vaults:1 | Paralysed by a great orb of eyes for 5 turns
 48916 | Vaults:1 | Identified a scroll of acquirement
 48923 | Vaults:1 | Acquired a +0 cloak of preservation
 48999 | Vaults:2 | Noticed Frederick
 49007 | Vaults:2 | Killed Frederick
 49706 | Vaults:2 | Reached skill level 15 in Armour
 49723 | Vaults:2 | Reached XP level 20. HP: 187/187 MP: 33/33
 50074 | Vaults:2 | Found a staircase to the Crypt.
 50089 | Vaults:2 | Noticed Boris
 50100 | Vaults:2 | Killed Boris
 50601 | Vaults:2 | Paralysed by a great orb of eyes for 7 turns
 50609 | Vaults:2 | - criminy... this is how I lost last time
 50609 | Vaults:2 | - or no, two ago?
 51367 | Vaults:2 | Reached skill level 19 in Invocations
 52461 | Vaults:3 | Noticed Nikola
 52487 | Vaults:3 | Killed Nikola
 52516 | Vaults:3 | Identified the ring "Yneot" {AC+4 Dex+3}
 52525 | Vaults:3 | Noticed Asterion
 52526 | Vaults:3 | - whoops
 52531 | Vaults:3 | HP: 2/187 [Asterion/fireball (9)]
 52532 | Vaults:3 | - shit
 52543 | Vaults:3 | - god damn
 53097 | Vaults:3 | Reached skill level 20 in Invocations
 53706 | Vaults:3 | Noticed Mennas
 53990 | Vaults:3 | - mighty cloe
 53991 | Vaults:3 | Killed Mennas
 53992 | Vaults:3 | Reached XP level 21. HP: 19/195 MP: 29/35
 54251 | Vaults:3 | Killed Asterion
 55124 | Vaults:4 | Found a magical portal.
 55141 | WizLab   | Entered The Roulette of Golubria
 55141 | WizLab   | Found a transporter.
 55144 | WizLab   | Found a corrupted altar of Lugonu.
 55211 | WizLab   | Found a transporter.
 55211 | WizLab   | Found a transporter.
 55292 | WizLab   | Found a transporter.
 55319 | WizLab   | Found a transporter.
 55332 | WizLab   | Found the +1 cloak of Starlight {*Dazzle EV+4 Stlth--}
 55345 | WizLab   | Found a corrupted altar of Lugonu.
 55347 | WizLab   | Found a transporter.
 55357 | WizLab   | Found a corrupted altar of Lugonu.
 55449 | WizLab   | Found a transporter.
 55588 | WizLab   | Found a transporter.
 55588 | WizLab   | Found a transporter.
 55631 | WizLab   | Found a transporter.
 55631 | WizLab   | Found a transporter.
 55685 | WizLab   | Found a transporter.
 55685 | WizLab   | Found a transporter.
 55743 | WizLab   | Found a transporter.
 55747 | WizLab   | Identified the +2 cloak of Okawaru's Displeasure {rPois rC+
                  | Dex+4}
 55757 | WizLab   | Found a transporter.
 55771 | WizLab   | Identified the +2 cloak "Gorer" {rPois Dex+5}
 55808 | WizLab   | Found a transporter.
 55849 | WizLab   | Found a transporter.
 55873 | WizLab   | Found a transporter.
 55873 | WizLab   | Found a transporter.
 56001 | WizLab   | Found a transporter.
 57886 | Elf:1    | Entered Level 1 of the Elven Halls
 57949 | Elf:1    | Reached skill level 10 in Long Blades
 58274 | Elf:1    | Got the Compendium of Supportive Confrontation
 59275 | Elf:2    | Found a radiant altar of Vehumet.
 59311 | Elf:2    | Paralysed by an air elemental for 1 turns
 59509 | Elf:2    | Reached XP level 22. HP: 206/209 MP: 36/36
 59740 | Elf:2    | Paralysed by an air elemental for 1 turns
 59894 | Elf:2    | Found a runed translucent gate.
 59895 | Elf:2    | Found a runed translucent gate.
 59895 | Elf:2    | Found a runed translucent gate.
 60014 | Elf:3    | Entered Level 3 of the Elven Halls
 60040 | Elf:3    | Found a flickering gateway to a bazaar.
 60141 | Elf:3    | Found Citeozun's Magic Scroll Shop.
 60181 | Bazaar   | Entered a bazaar
 60245 | Bazaar   | Found Hoesot's Assorted Antiques.
 60275 | Bazaar   | Found Immeaji's Jewellery Emporium.
 60342 | Bazaar   | Found Gerilyne's Assorted Antiques.
 60372 | Bazaar   | Found Vuacif's Book Emporium.
 60380 | Bazaar   | Bought a book of Spatial Translocations for 286 gold pieces
 60383 | Bazaar   | Learned a level 2 spell: Blink
 60484 | Bazaar   | Bought a scroll of fog for 64 gold pieces
 60520 | Bazaar   | Bought a scroll of blinking for 172 gold pieces
 60520 | Bazaar   | Bought a potion of haste for 230 gold pieces
 60520 | Bazaar   | Bought a scroll of teleportation for 69 gold pieces
 60672 | Elf:3    | Bought a scroll of fear for 63 gold pieces
 60672 | Elf:3    | Bought a scroll of magic mapping for 63 gold pieces
 60672 | Elf:3    | Bought a scroll of fear for 63 gold pieces
 60721 | Elf:3    | Found Vyniecei's Book Emporium.
 61924 | Elf:3    | Paralysed by an air elemental for 1 turns
 61982 | Elf:3    | Reached skill level 15 in Shields
 62457 | Elf:3    | Identified the ring "Jaror" {+Blink rCorr Stlth+}
 62896 | Elf:3    | Got the Reference Book on Cloudy Bewitchment
 62947 | Elf:3    | Got Sif Muna's Collected Works on the Blaze
 62966 | Elf:3    | Identified the +3 spear "Mareram" {flame, rElec rC- rCorr}
 62983 | Elf:3    | Identified the ring "Fynakapo" {rCorr Str+4 Dex+4}
 63434 | D:13     | Killed qdestroyer's ghost
 64703 | Depths:1 | Entered Level 1 of the Depths
 64742 | Depths:1 | Reached skill level 15 in Long Blades
 64742 | Depths:1 | Reached skill level 1 in Translocations
 64860 | Depths:1 | Found a white marble altar of Elyvilon.
 64975 | Depths:1 | Found a runed translucent gate.
 64975 | Depths:1 | Found a runed translucent gate.
 64976 | Depths:1 | Noticed hikkokomori's ghost (adept MfSu)
 64976 | Depths:1 | Noticed a dread lich
 64977 | Depths:1 | Noticed a dread lich
 64981 | Depths:1 | Found a runed translucent gate.
 65015 | Depths:1 | Found a gateway to a ziggurat.
 65043 | Depths:1 | Reached XP level 23. HP: 215/215 MP: 37/37
 65650 | Depths:1 | Found a gateway to Hell.
 65660 | Depths:1 | Reached skill level 5 in Translocations
 66254 | Depths:2 | Noticed a golden dragon
 66266 | Depths:2 | Noticed a caustic shrike
 66271 | Depths:2 | Killed a golden dragon
 66277 | Depths:2 | Killed a caustic shrike
 66286 | Depths:2 | Found a runed translucent door.
 66286 | Depths:2 | Found a runed translucent door.
 66299 | Depths:2 | Paralysed by a vampire knight for 2 turns
 66302 | Depths:2 | - god-damned paralysers
 66784 | Depths:2 | Found a runed translucent door.
 66785 | Depths:2 | Found a runed translucent door.
 66807 | Depths:2 | Identified the +10 demon trident of Might {venom, Fragile
                  | Dex+3 Stlth+}
 67033 | Depths:2 | Noticed Saint Roka
 67056 | Depths:2 | Killed Saint Roka
 67154 | Depths:2 | Noticed Sojobo
 67171 | Depths:2 | Killed Sojobo
 67422 | Depths:2 | Found Dogall's Weapon Emporium.
 68125 | Depths:2 | Learned a level 1 spell: Apportation
 68473 | Depths:3 | HP: 9/216 [deep elf annihilator/bolt of lightning (15)]
 68807 | Depths:3 | Reached XP level 24. HP: 224/224 MP: 37/37
 68905 | Depths:3 | Found a broken altar of Ashenzari.
 68963 | Depths:3 | Found a one-way gate leading to the halls of Pandemonium.
 69313 | Depths:3 | Noticed a juggernaut
 69327 | Depths:3 | Killed a juggernaut
 69463 | Depths:3 | Reached ****** piety under Qazlal
 69769 | Depths:3 | Acquired the +4 helmet of Gravity {rPois}
 69812 | Depths:4 | Reached skill level 10 in Throwing
 69822 | Depths:4 | Gained mutation: You tend to lose your temper in combat.
                  | [mutagenic glow]
 69828 | Depths:4 | - when did i get this little affliction
 69834 | Depths:3 | Gained mutation: Your body sometimes deteriorates upon
                  | taking damage. [mutagenic glow]
 69835 | Depths:3 | - oh that flippin zot trap
 69849 | Depths:3 | Gained mutation: You are frail. (-10% HP) [mutagenic glow]
 69923 | Depths:3 | Reached skill level 21 in Invocations
 69923 | Depths:3 | Reached XP level 25. HP: 208/208 MP: 37/37
 70137 | Depths:4 | You are sucked into a shaft and drop 1 floor!
 70137 | Depths:5 | Entered Level 5 of the Depths
 70530 | Depths:5 | Found a gate to the Realm of Zot.
 71588 | Depths:4 | Found a one-way gate to the infinite horrors of the Abyss.
 71610 | Depths:4 | Found a hide-covered altar of Uskayaw.
 71950 | Depths:4 | Reached XP level 26. HP: 213/215 MP: 37/37
 72003 | Depths:4 | Found a shimmering blue altar of Sif Muna.
 72331 | Depths:4 | Identified the ring of Contentment {*Slow AC+4 Str+8 Dex-4
                  | SInv}
 72370 | Depths:4 | Got Temithi's Reference Book on Cloudy Blows and Bruises
 72403 | Depths:4 | Noticed an ancient lich
 72404 | Depths:4 | Noticed a dread lich
 72411 | Depths:4 | Killed an ancient lich
 72419 | Depths:4 | Killed a dread lich
 72468 | Depths:4 | Got Tirgh's Tome of Transmigration
 72470 | Depths:4 | Got the Tome of Enchanting Conjuration
 73122 | Slime:1  | Entered Level 1 of the Pits of Slime
 73343 | Slime:2  | Gained mutation: You are dopey. (Int -2) [a shining eye]
 73920 | Slime:4  | Lost mutation: You are dopey. (Int -2) [a shining eye]
 73923 | Slime:4  | Gained mutation: Your body often deteriorates upon taking
                  | damage. [a shining eye]
 73928 | Slime:4  | Gained mutation: You are clumsy. (Dex -2) [a shining eye]
 73940 | Slime:4  | Reached skill level 22 in Invocations
 74069 | Slime:4  | Gained mutation: Your spells are a little easier to cast,
                  | but a little less powerful. [a shining eye]
 74297 | Slime:5  | Entered Level 5 of the Pits of Slime
 74322 | Slime:5  | Noticed the Royal Jelly
 74328 | Slime:5  | Killed the Royal Jelly
 74331 | Slime:5  | Paralysed by a great orb of eyes for 6 turns
 74334 | Slime:5  | HP: 16/331 [acid blob/splash of acid (5)]
 74334 | Slime:5  | HP: 3/331 [acid (13)]
 74336 | Slime:5  | Annihilated by a rockslime

Illustrated notes ........ ....#<. #..... #######....# .!.......[.# ......)..?.# ...........# ......)@...# .....###....# ... .##.# . .. .. .## . ## Turn 10017 on D:12: - for crying out loud #.©.###.. .#####...# ...©.....# .........###### .)............. ............... .....§○(ZZ..... ......§@....... ......o........ ............... ############+## Turn 10063 on D:11: - how is her AC so good ## ### ### ### ### #8 #8# #8# #8# #8# ######################## ≈............≈∩≈........ .......@.............©.. ..###########...######## ..#......45.#...#hhh.... ..#......5..#.∩.#wh..... ..#.#######.#...#h...... ..##.#.#^#.##...#h^..... ..#....©....#...#....©.. ..#.#^#.#^#.#...#....... #######.#...#h.^.... ^.....^5#...#wh..... ...©[?54#...#hh.?©|. Turn 10221 on Gauntlet: - so this is pretty dangerous 8#.............................# ##≈............≈∩≈............≈# ############################### #8 #≈...............≈# #8# #8.8.8..©.©..8.8.8# ### #≈...............≈# #########.######### #####.# #.....# #.####### #.#(@...# #.#H###.# #.#. #.# #.#. #.# #.#. #.# #.#. #.# #.#####.# #.......# ######### Turn 10574 on Gauntlet: - holy shit #####.# #.....# #.####### #.#.....# #.#.###.# #.#. #.# #.#. #.# #.#. #|# #.#. #.# #.#####.# #.....@.# ######### Turn 10594 on Gauntlet: - too close ## ###.### ####.....## ## #.#.......## ##.## ##.........# P..# #........... #..# #..........# ## ..## ##........## ###P##.P## #.......## #.....@..## ##.....## ##.....☼°..# ####### #P.........# ### ##........## ###.### #####....# ###.....# ##..## ##........ #...# #......... #..†### ##........ #####.##.# #........ #........## #........ #.........# #........ Turn 16682 on Lair:1: - well now .........# ##.##............÷... #######.#####..#............†.... # ##...............#...÷#.... ##............#†#...÷###.. ##...#.......##.#...# #.. ##.###......###...####.. ### ##......##....##.P. #......##.....#..P. #.○....####........ ##.°○..# #........ #.@°...# #........ .h....##.○..# #...P.(.. hh.l. #....####...#.... ...# #....##......#... .. ###...####......... . #......# #...[..... #......###P)....... ##......###........ #.....###......P.. ##...## ##..#..... #....# #......... Turn 23561 on Lair:6: - this must be the dragon ### ##....... ##.### #........ #....# ##....... #....###...#.... ##.†.###....###.. #...#####...# #. ### #..##..#....# # #.## #.°#......### #..###..##.s...# ##....°..#....#.# #..s○.@..#....### ##..^.#..@..^## ####..○##.....## ###.#^...####....# ####.†.†..^##..##^..# ###......†^.##....##### #........######..^# #....#..##...#...## #....#.^##........# #...†##..#.......#### #..<..####..........## Turn 38381 on Spider:4: - the weapons just keep coming

..#..)#..............### #......
..###)#......P..P..P...####......
...............P.....PP..........
.......................P......[..
####.######.P.....P........<.....
#..###....#......P..P..P.####....
#.............P.............#....
##............P.P..P.P......#####
.'....................P..........
##...........(...○°..............
#.............P.@>....P.....)....
#.######........○........P.......
#.# #......P.°§○.P............
..# #....P....................
..# #..#...P.......P..........
..# #..#...P.....P.....##'###.
..######..#....P....P.....#....#.
..........#..P...P....P...#....#.
..........##..P...........#....#.
................P.........#....#.
..........#####..P........#....#.


Turn 47090 on D:9: - farewell, Success #...# #......# # #...# #......#
#...###'############# #.................... #....................
#.............####### #.............#...... #.............#....[.
#.....○.......#...... #..ppp°.......#....<. #...@..(......#......
#.§G..........#...... #....○........#...... #.............#......
#.............#####[# #.................... #....................
#.................... #........<........... #....................
#.................... Turn 50609 on Vaults:2: - criminy... this is how I lost
last time ....+ ....+ ....## ##### .....# #...## .....# ###########....##H○..#
).........#...).#p).# ..........#)..§)@c..+.. .########.+[..°.#[≈.+..
...####...###########+# ....##....# #...##...## #...##...## ....##....#
...####...# .########.# ..........# ..........# Turn 52526 on Vaults:3: - whoops
# # # ....+ # ....+ # ....## # ##### .....# # #...## .....#
############....##H...# †).........#...)@#)).# #..........#).○§)))H.+..
#.########.+[....#[..+.. #...####...###########+# #....##....# ##...##...##
##...##...## #....##....# #...####...# #.########.# #..........# Turn 52532 on
Vaults:3: - shit ########## #........# #........# #........# +........#
#.......○# #........# #......@.# ##+####### Turn 52543 on Vaults:3: - god damn
..#.###......# #......# ###.#.'......# #......# ....#.#......# #......#
#####.#^.....# #......# ......#......# #......# ############'###########
#.....################ #.....#.#.#.#.#.#.#.#. #..§.°)...............
#.....#.#.#.#.#.#.#.#. #...A@################ ###☼####### . #..A......# ....
#.........# .... #.........# ..... #.........# .<>...#.........#
......#.........# ......'.........# ......#.........# ####'###''#####'# Turn
53990 on Vaults:3: - mighty cloe ############ #≈≈.... .. ... ### .... Turn 69828
on Depths:4: - when did i get this little affliction
##.....#..............########### ##...##........[.....# ##.##.)...(.........#
##.##.).............# ###..##...............### #### ........................#
####... ........................# #...... ......#########..##########......
......# #..# #....... ......# #.(# ##...... ......# #§@# #...... ......# #..#
##..... ......# #..# ###### ####### #### # ### ###.. #.... Turn 69835 on
Depths:3: - oh that flippin zot trap

Levels and vault maps discovered:
D:1:      lemuel_arrival_lava_pool, layout_loops_ring,
          ebering_ecumenical_altar_hall
D:2:      kennysheep_big_flooded_room, layout_loops_ring, uniq_natasha
D:3:      layout_rooms, tso_metal_star
D:4:      layout_basic, minivault_27, nicolae_shop_sticking_my_neck_out
D:5:      minmay_clustersquares, layout_loops_ring,
          mainiacjoe_overflow_alcove_2, mainiacjoe_overflow_alcove_1,
          yredelemnul_forgotten_temple_becter,
          mainiacjoe_overflow_catch_the_wave, hex_tiny, supply_closet_lemuel,
          nicolae_shop_clearance
D:6:      layout_rooms, nemelex_altar_shiori
D:7:      minmay_the_grid_square_5x5_3x3 [minmay_the_grid_square_5x5_mess,
          minmay_the_grid_square_5x5_two_walls_a,
          minmay_the_grid_square_5x5_shrine1,
          minmay_the_grid_square_5x5_sharp_hourglass,
          minmay_the_grid_square_5x5_megaprize_open,
          minmay_the_grid_square_5x5_empty, minmay_the_grid_square_5x5_z,
          minmay_the_grid_square_5x5_lines,
          minmay_the_grid_square_5x5_three_walls], layout_layer_cave,
          xom_redecorated, nicolae_overflow_crystal_walls,
          minmay_temple_entry_stoned_glass
D:8:      layout_basic
D:9:      layout_irregular_city, due_lair_maze_entry_diamond, uniq_gastronok
D:10:     layout_stronghold, david_orc_3, uniq_maurice
D:11:     layout_grid_maze, gammafunk_ghost_wrathful_warriors,
          fedhas_ov_isle_minmay
D:12:     layout_rooms, enter_bailey_5, serial_undead, serial_undead_b,
          serial_undead_a, serial_undead_f, serial_undead_e, serial_undead_f,
          serial_undead_a, gauntlet_entry_generic, uniq_nergalle
D:13:     layout_basic, gammafunk_ghost_necromancy
D:14:     layout_basic, david_vaults_3, special_room [special_room_orc],
          bloody_trog
D:15:     hangedman_depths_entry_try_elsewhere_first, layout_loops_ring,
          uniq_josephine, uniq_agnes
Lair:1:   layout_cave_pods, grunt_megastairs_2
Lair:2:   layout_gridlike
Lair:3:   layout_gridlike, dummy_spider_entry, gammafunk_ghost_grave,
          nicolae_volcano_entry_batcave, infiniplex_staircase_pool_2
Lair:4:   minmay_lair_venomous_thicket, layout_layer_cave, shoals_dummy_entry
Lair:5:   layout_gridlike, minmay_lair_drake_nest
Lair:6:   cheibrodos_lair_end_hotspot, layout_small_grid, slime_dummy,
          amcnicky_mini_pool_medium
Shoals:1: layout_shoals, uniq_frances
Shoals:2: layout_shoals, uniq_ilsuiw, uniq_kirke
Shoals:3: layout_shoals, serial_shops, nicolae_square_shop
Shoals:4: shoals_end_hangedman, layout_shoals, nicolae_shoals_square_sea_wall
Spider:1: layout_chambers, hangedman_spider_tarantella_strand
Spider:2: layout_spider_delve
Spider:3: layout_spider_delve, nicolae_spider_bzzzt
Spider:4: grunt_spider_rune_island, uniq_donald
Slime:1:  layout_caves
Slime:2:  layout_caves
Slime:3:  layout_caves
Slime:4:  layout_caves
Slime:5
Orc:1:    layout_caves, lightli_orcish_oven
Orc:2:    grunt_orc_tribal_feast, layout_diamond_mine
Elf:1:    eino_elf_arrival_shootout, layout_loops_cross, minmay_elf_sorcery,
          minmay_crystal_room
Elf:2:    nicolae_elf_blades_crystal_corner, layout_onion_city, basic_altar
Elf:3:    minmay_elf_hall_hex, layout_geoelf_octagon, serial_shops,
          bzr_entry_customers, shop, shop, minmay_misc_feat_rows
Vaults:1: nicolae_vaults_windows_and_doors_thing, hangedman_vaults_maws,
          nicolae_vaults_angled_halls, v_pattern_2, vaults_dpeg_ring, v_misc_3,
          nicolae_vaults_network_square, grunt_vaults_diagonal,
          hangedman_vaults_cutoff, nicolae_vaults_asterisk,
          ontoclasm_vaults_idyll, vaults_dpeg_spiral, layout_vaults_big_cross
Vaults:2: nicolae_vaults_ring_of_whatevers, vaults_dpeg_diagonal,
          vaults_room_corners, nicolae_vaults_specimen_jars,
          ontoclasm_vaults_loading_screen, nicolae_vaults_border_crossing,
          ontoclasm_vaults_ring_small, ontoclasm_vaults_ligature,
          minmay_crypt_entry_simple_sparse, nicolae_vaults_theta,
          nicolae_vaults_little_squares_4, nicolae_vaults_alarming,
          layout_vaults_quadrants, uniq_boris, uniq_frederick
Vaults:3: st_octagons_2, nicolae_vaults_back_hallway, v_misc_18,
          nicolae_vaults_little_squares_3, v_misc_33, ontoclasm_vaults_spin,
          nicolae_vaults_little_squares_4, ontoclasm_vaults_hangar,
          hangedman_vaults_stream, v_misc_4, nicolae_vaults_three_branches,
          layout_vaults_maze, uniq_nikola, uniq_asterion, uniq_mennas
Vaults:4: v_misc_14, v_pattern_4, grunt_vaults_bifocal,
          nicolae_vaults_network_quinsquares
          [nicolae_vaults_network_quincunx_subvault,
          nicolae_vaults_network_quincunx_subvault,
          nicolae_vaults_network_quincunx_subvault,
          nicolae_vaults_network_quincunx_subvault],
          nicolae_vaults_ring_of_whatevers, hangedman_vaults_hat,
          hangedman_vaults_capsules, v_misc_4, nicolae_vaults_little_squares_6,
          vaults_room_fancy_cross, layout_vaults_omnibox,
          infiniplex_enter_wizlab_water
Depths:1: layout_basic, enter_ziggurat_d, hell_entry,
          gammafunk_ghost_necromancy, chequers_serial_rivers_micro_a,
          minmay_misc_feat_room, nicolae_elyvilon_peaceful_grove,
          serial_bayou_shore_a
Depths:2: impenetrable_vault, layout_honeycomb, grunt_hell_entry_dis_grunt,
          serial_shops, shop, nrook_mini_vaults, serial_bayou_shore_b,
          infiniplex_staircase_x, uniq_sojobo, uniq_saint_roka
Depths:3: thingy_vault, layout_long_grid, evilmike_ruin_ashenzari, pan_entry,
          hellmouth_2, infiniplex_staircase_trident
Depths:4: evilmike_library_of_no_secrets, layout_small_grid,
          minmay_misc_feat_tower, minmay_room_of_horrors,
          grunt_pan_entry_spiral, hell_entry, minivault_16,
          dancing_weapons_uskayaw, infiniplex_staircase_star
Depths:5: grunt_zot_entry_funnels, layout_gridlike,
          serial_sigils_hangedman_etch, hell_entry

Skill      XL: |  1  2  3  4  5  6  7  8  9 10 11 12 13 14 15 16 17 18 19 20 21 22 23 24 25 26 |
---------------+-------------------------------------------------------------------------------+-----
Fighting       | 3 4 5 6 7 9 11 12 15 17 18 20 21 | 21.7
Axes           | 5 6 8 10 12 14 15 18 | 18.0
Throwing       | 3 6 9 10 12 | 12.0
Armour         | 3 6 9 11 12 15 17 18 | 18.0
Evocations     | 2 6 9 11 12 | 12.0
Invocations    | 7 11 12 14 15 17 18 20 21 22 | 22.6
Long Blades    | 9 11 15 | 15.0
Dodging        | 6 8 9 |  9.0
Shields        | 10 12 13 15 16 | 16.9
Translocations | 3 8 9 |  9.0

Action                   |  1- 3 |  4- 6 |  7- 9 | 10-12 | 13-15 | 16-18 | 19-21 | 22-24 | 25-27 || total
-------------------------+-------+-------+-------+-------+-------+-------+-------+-------+-------++-------
Melee: War axe           |    64 |   109 |   301 |    45 |       |       |       |       |       ||   519
       Hand axe          |       |       |       |   414 |   914 |  1049 |   141 |       |       ||  2518
       Broad axe         |       |       |       |       |       |       |  1186 |   588 |    29 ||  1803
       Double sword      |       |       |       |       |       |       |     5 |   267 |   421 ||   693
 Fire: Hunting sling     |       |       |    18 |     8 |       |       |       |       |       ||    26
Throw: Stone             |    16 |    83 |    96 |    55 |       |       |       |       |       ||   250
       Boomerang         |       |       |       |   106 |   289 |   208 |   192 |   116 |    71 ||   982
       Dart              |       |       |       |       |       |   157 |       |       |       ||   157
       Throwing net      |       |       |       |       |       |       |     1 |       |       ||     1
       Javelin           |       |       |       |       |       |       |       |     3 |     7 ||    10
Invok: Upheaval          |       |       |       |       |    27 |    34 |    20 |     6 |     6 ||    93
       Elemental Force   |       |       |       |       |       |     4 |     5 |     2 |       ||    11
       Disaster Area     |       |       |       |       |       |       |       |     1 |     1 ||     2
Evoke: Wand              |       |       |     2 |    17 |     7 |    29 |    21 |    22 |       ||    98
       Piece from Xom's  |       |       |       |       |       |     1 |       |       |       ||     1
       Phial of floods   |       |       |       |       |       |       |       |     1 |       ||     1
       Tin of tremorston |       |       |       |       |       |       |       |       |     1 ||     1
  Use: Scroll            |       |     6 |     2 |     8 |    10 |     3 |    23 |     9 |     4 ||    65
       Potion            |       |       |     2 |     3 |       |    13 |    11 |     6 |     1 ||    36
 Stab: Paralysed         |       |       |       |     4 |     2 |     4 |       |       |       ||    10
       Distracted        |       |       |       |     9 |    17 |    16 |     5 |       |       ||    47
Armor: Leather armour    |    23 |    23 |     4 |       |       |       |       |       |       ||    50
       Ring mail         |       |       |    86 |    61 |   203 |   384 |    21 |       |       ||   755
       Skin              |       |       |     5 |       |       |       |       |       |     9 ||    14
       Plate armour      |       |       |       |       |       |       |   205 |   230 |   170 ||   605
Dodge: Dodged            |    43 |    79 |   199 |   271 |   450 |   667 |   306 |   185 |   117 ||  2317
       Repelled          |       |       |       |       |     6 |     7 |    11 |    13 |     7 ||    44
Block: Other             |       |       |       |    32 |   108 |   173 |       |       |       ||   313
       Buckler           |       |       |       |       |       |   214 |    87 |       |       ||   301
       Reflection        |       |       |       |       |       |    26 |    54 |    36 |     9 ||   125
       Kite shield       |       |       |       |       |       |       |   913 |   708 |   389 ||  2010
       Rpst.: Double sword |       |       |       |       |       |       |       |    14 |    16 ||    30
